 Dungeon Crawl Stone Soup version 0.24-a0-272-g1411513 (webtiles) character file.

Game seed: 4050650798886693926

39 Coldstonesans the Vandal (level 3, 0/24 HPs)
             Began as a Halfling Hunter on Apr 25, 2019.
             Succumbed to a gnoll's poison
             ... on level 1 of the Dungeon.
             The game lasted 00:01:57 (625 turns).

Coldstonesans the Vandal (Halfling Hunter)           Turns: 625, Time: 00:01:58

Health: 0/24       AC: 12    Str: 13    XL:     3   Next: 70%
Magic:  3/3        EV:  8    Int:  9    God:
Gold:   28         SH:  0    Dex: 12    Spells: 2/2 levels left

rFire    + . .     SeeInvis .   a - +1 hunting sling
rCold    + . .     Gourm    .   (shield restricted)
rNeg     . . .     Faith    .   j - +4 chain mail
rPois    .         Spirit   .   (no helmet)
rElec    .         Reflect  .   m - scarf {rC+ rF+}
rCorr    .         Harm     .   (no gloves)
MR       .....                  (no boots)
Stlth    ..........             (no amulet)
HPRegen  0.08/turn              n - -3 ring of dexterity (curse)
MPRegen  0.08/turn              (no ring)

@: lethally poisoned (0 -> -10), flying, very slightly contaminated, invisible
A: small, mutation resistance 1
a: no special abilities


You were on level 1 of the Dungeon.
You were not hungry.

You visited 1 branch of the dungeon, and saw 1 of its levels.

You collected 28 gold pieces.

Inventory:

Hand Weapons
 a - a +1 hunting sling (weapon)
 b - a +0 short sword
Missiles
 d - 4 sling bullets (quivered)
 e - 80 stones
Armour
 c - a +0 leather armour
 j - a +4 chain mail (worn)
 m - a scarf of resistance (worn)
Jewellery
 n - a cursed -3 ring of dexterity (left hand)
Scrolls
 h - 2 scrolls of identify {unknown}
 i - 2 scrolls of immolation {unknown}
Comestibles
 f - 2 rations


   Skills:
 + Level 2.1 Fighting
 + Level 1.0 Short Blades
 * Level 6.4 Slings
 + Level 1.1 Armour
 + Level 2.5 Dodging
 - Level 1.1 Stealth


You had 2 spell levels left.
You didn't know any spells.
Your spell library was empty.

Dungeon Overview and Level Annotations

Branches:
Dungeon (1/15)

Altars:


Innate Abilities, Weirdness & Mutations

You are small and have problems with some larger weapons.
You are somewhat resistant to further mutation.


Message History

You feel sick.
Things that are here:
a +2 spear of venom; 3 sling bullets There isn't anything to butcher here.
* * * LOW HITPOINT WARNING * * *
You feel sick.
* * * LOW HITPOINT WARNING * * *
You feel sick.
You see here 2 sling bullets.
* * * LOW HITPOINT WARNING * * *
You feel sick.
Things that are here:
a sling bullet; a cursed +0 club; a goblin corpse
* * * LOW HITPOINT WARNING * * *
You feel sick.
* * * LOW HITPOINT WARNING * * *
You feel sick.
* * * LOW HITPOINT WARNING * * *
You feel sick.
You die...

######### #.......# #.......#
#### +.......# #...
#.....(.########... ### ### ###
#.......##........#
##⌠###8###8####.(.(...##.#####...
.............##)@.....##.#...#..#
......................##.#.#.#..#
.............##.......##.#.......
#...##8###8####.......##.###.#...
#...#### ### #......$##.....#...
8...8# #.......########... #...##
........# #..... #...# #########
#####. #...##.. #.....


There were no monsters in sight!

Vanquished Creatures
  A gnoll (D:1)
  An ooze (D:1)
  A leopard gecko (D:1)
  A giant cockroach (D:1)
  4 goblins (D:1)
  A hobgoblin (D:1)
  5 kobolds (D:1)
  2 ball pythons (D:1)
  3 bats (D:1)
  A frilled lizard (D:1)
  6 rats (D:1)
26 creatures vanquished.

Notes
Turn   | Place    | Note
-------+----------+-------------------------------------------
     0 | D:1      | Coldstonesans the Halfling Hunter began the quest for the
                  | Orb.
     0 | D:1      | Reached XP level 1. HP: 14/14 MP: 1/1
    58 | D:1      | Reached skill level 6 in Slings
    67 | D:1      | Reached XP level 2. HP: 19/19 MP: 2/2
   255 | D:1      | Reached XP level 3. HP: 24/24 MP: 3/3
   502 | D:1      | Reached skill level 1 in Armour
   610 | D:1      | Reached skill level 1 in Short Blades
   624 | D:1      | HP: 1/24 [poisoned by a gnoll]
   625 | D:1      | Succumbed to a gnoll's poison

Levels and vault maps discovered:
D:1:      dpeg_arrival_rhombi, layout_basic, corexii_hall_statues_t,
          chequers_arboretum, minmay_misc_feat_tiny

Skill      XL: |  1  2  3 |
---------------+----------+-----
Slings         | 6 |  6.4
Fighting       | 2 |  2.1
Armour         | 1 |  1.1
Short Blades   | 1 |  1.0
Dodging        | |  2.5
Stealth        | |  1.1

Action                   || total
-------------------------++-------
Melee: Short sword       ||     3
 Fire: Hunting sling     ||    49
  Use: Potion            ||     2
       Scroll            ||     1
Armor: Chain mail        ||    10
Dodge: Dodged            ||     5

Table legend:
 A = Non-vault XP
 B = Vault XP
 C = Vault XP percentage of total XP
 D = Non-vault monster count
 E = Vault monster count
 F = Vault count percentage of total count
                 A         B        C        D         E       F
            +---------+---------+-------+---------+---------+-------
      Total |      57 |       0 |   0.0 |      26 |       0 |   0.0
            +---------+---------+-------+---------+---------+-------
        D:1 |      57 |       0 |   0.0 |      26 |       0 |   0.0
            +---------+---------+-------+---------+---------+-------
